 Dungeon Sprint DCSS version 0.18.1-8-gdd0e5ea (webtiles) character file.

1194 Hipnos the Martial Artist (level 8, -6/64 HPs)
             Began as an Octopode Transmuter on May 21, 2016.
             Was a Believer of Sif Muna.
             Mangled by a deep troll (21 damage)
             ... in the Dungeon (Sprint I: "Red Sonja").
             The game lasted 00:05:06 (1177 turns).

Hipnos the Martial Artist (Octopode Transmuter)     Turns: 1177, Time: 00:05:06

Health: -6/64      AC:  6    Str: 10    XL:     8   Next: 43%
Magic:  5/19       EV: 13    Int: 16    God:    Sif Muna [**....]
Gold:   513        SH:  0    Dex: 13    Spells: 5 memorised, 7 levels left

rFire  x . .     SeeInvis .       - Unarmed
rCold  + + +     Gourm    .     (shield currently unavailable)
rNeg   . . .     Faith    .     (helmet currently unavailable)
rPois  +         Spirit   .     (no amulet)
rElec  .         Dismiss  .     (no ring)
rCorr  .         Reflect  .     (no ring)
SustAt .         Harm     .     (no ring)
MR     .....     NoTele   +     (no ring)
Stlth  +.........               (no ring)
                                (no ring)
                                (no ring)
                                (no ring)

@: ice-form, very slightly contaminated, not resistant to hostile enchantments,
very unstealthy
A: almost no armour, amphibious, 8 rings, (constrict 8), (camouflage 0),
(gelatinous body 0)
a: End Transformation, Channel Energy, Renounce Religion


You were in the Dungeon.
You worshipped Sif Muna.
Sif Muna was pleased with you.
You were not hungry.
You were a creature of crystalline ice.
You visited 1 branch You collected 513 gold pieces.

Inventory:

Missiles
 a - an arrow
Scrolls
 e - a scroll of enchant armour {unknown}
 i - a scroll of blinking
Potions
 d - a potion of curing
 f - a potion of haste
 g - 2 potions of magic
Books
 b - a book of Changes

   Spells                             Type                      Level
   a - Beastly Appendage              Transmutation                1
   b - Sticks to Snakes               Transmutation                2
   c - Spider Form                    Transmutation/Poison         3
   d - Ice Form                       Ice/Transmutation            4
   e - Blade Hands                    Transmutation                5


   Skills:
 + Level 4.7 Fighting
 + Level 7.8 Dodging
 + Level 11.3 Unarmed Combat
 + Level 7.7 Spellcasting
 + Level 8.2 Transmutations


You had 7 spell levels left.
You knew the following spells:

 Your Spells              Type           Power        Failure   Level  Hunger
a - Beastly Appendage     Trmt           ####..       1%          1    None
b - Sticks to Snakes      Trmt           ####....     1%          2    None
c - Spider Form           Trmt/Pois      ###.......   8%          3    ##.....
d - Ice Form              Ice/Trmt       ###.....     21%         4    ####...
e - Blade Hands           Trmt           ####......   12%         5    #####..


Dungeon Overview and Level Annotations

Branches:
Dungeon (1/1)

Altars:
Cheibriados
Dithmenos
Elyvilon
Fedhas
Gozag
Kikubaaqudgha
Makhleb
Nemelex Xobeh
Okawaru
Pakellas
Qazlal
Ru
Sif Muna
Trog
Vehumet
Xom
Yredelemnul
Zin
The Shining One
Jiyva

Shops:
D }


Innate Abilities, Weirdness & Mutations

You cannot wear most types of armour.
You are amphibious.
You can wear up to eight rings at the same time.
((You can use your tentacles to constrict eight enemies at once.))
((Your skin changes colour to match your surroundings (Stealth).))
((Your rubbery body absorbs attacks (AC +1).))


Message History

The deep troll shouts!
You pummel the deep troll!! You freeze the deep troll.
The deep troll is almost dead.
The deep troll closely misses you. The deep troll barely misses you.
The deep troll claws you!
You hit the deep troll. You freeze the deep troll.
The deep troll is almost dead.
The deep troll misses you. The deep troll claws you! The deep troll claws you.
* * * LOW HITPOINT WARNING * * *
You barely miss the deep troll.
The deep troll is almost dead.
You hit the deep troll. You freeze the deep troll.
The deep troll is almost dead.
The deep troll looks more healthy.
The deep troll bites you.
* * * LOW HITPOINT WARNING * * *
The deep troll closely misses you. The deep troll misses you.
Casting: Ice Form
Confirm with . or Enter, or press ? or * to list all spells.
You create a snake!
You now have 1 arrow.
The deep troll bites you!!
You die...

#..#####'#####'#__####
#..####..#...#(####
#..#__####..##.#
#..#_.___##'#..+
#⌠⌠#_.∩...'.()_#
####_..._##_(#'#
#_____###(#[#
#########.####+###
+.YTS$$.$$+
#...####### ##.## #+#


You could see a deep troll and a friendly adder.

Vanquished Creatures
  Sonja (D)
  A slime creature (D)
  Sigmund (D)
  A yak (D)
  An ogre (D)
  A jelly (D)
  Ijyb (D)
7 creatures vanquished.

Notes
Turn   | Place    | Note
--------------------------------------------------------------
     0 | D        | Hipnos the Octopode Transmuter began the quest for the Orb.
     0 | D        | Reached XP level 1. HP: 13/13 MP: 3/3
     2 | D        | Noticed Ijyb
    19 | D        | Killed Ijyb
    19 | D        | Reached skill level 5 in Unarmed Combat
    19 | D        | Reached XP level 2. HP: 2/18 MP: 3/5
    19 | D        | Reached XP level 3. HP: 3/23 MP: 4/7
   311 | D        | Learned a level 2 spell: Sticks to Snakes
   315 | D        | Learned a level 3 spell: Spider Form
   319 | D        | Noticed an ogre
   329 | D        | Killed an ogre
   329 | D        | Reached skill level 7 in Unarmed Combat
   329 | D        | Reached XP level 4. HP: 24/29 MP: 1/10
   349 | D        | Learned a level 4 spell: Ice Form
   350 | D        | Noticed Sigmund
   356 | D        | HP: 1/29 [something (15)]
   358 | D        | Killed Sigmund
   358 | D        | Reached skill level 5 in Dodging
   358 | D        | Reached skill level 9 in Unarmed Combat
   358 | D        | Reached skill level 5 in Spellcasting
   358 | D        | Reached skill level 5 in Transmutations
   358 | D        | Reached XP level 5. HP: 17/34 MP: 1/13
   358 | D        | Reached XP level 6. HP: 20/39 MP: 1/14
   513 | D        | Learned a level 5 spell: Blade Hands
   524 | D        | Found a deep blue altar of Sif Muna.
   526 | D        | Found a radiant altar of Vehumet.
   534 | D        | Became a worshipper of Sif Muna the Loreminder
   616 | D        | Found Maotzu's Gadget Emporium.
   616 | D        | Found a white marble altar of Elyvilon.
   616 | D        | Found a stormy altar of Qazlal.
   616 | D        | Found a burning altar of Makhleb.
   616 | D        | Found a sacrificial altar of Ru.
   616 | D        | Found an oddly glowing altar of Pakellas.
   616 | D        | Found a basalt altar of Yredelemnul.
   616 | D        | Found a glowing golden altar of the Shining One.
   616 | D        | Found a sparkling altar of Nemelex Xobeh.
   616 | D        | Found a shimmering altar of Xom.
   616 | D        | Found an opulent altar of Gozag.
   616 | D        | Found an ancient bone altar of Kikubaaqudgha.
   616 | D        | Found a glowing silver altar of Zin.
   616 | D        | Noticed a yak
   626 | D        | Killed a yak
   626 | D        | Reached skill level 10 in Unarmed Combat
   626 | D        | Reached XP level 7. HP: 23/45 MP: 7/16
   633 | D        | Found an iron altar of Okawaru.
   634 | D        | Found a bloodstained altar of Trog.
   781 | D        | Found a snail-covered altar of Cheibriados.
   781 | D        | Found a viscous altar of Jiyva.
   781 | D        | Found a shadowy altar of Dithmenos.
   781 | D        | Found a blossoming altar of Fedhas.
   781 | D        | Noticed a slime creature
   789 | D        | Killed a slime creature
   789 | D        | Reached * piety under Sif Muna
   832 | D        | Noticed Sonja
   847 | D        | Killed Sonja
   847 | D        | Reached ** piety under Sif Muna
   847 | D        | Reached skill level 11 in Unarmed Combat
   847 | D        | Reached XP level 8. HP: 30/54 MP: 12/19
  1162 | D        | Noticed a deep troll
  1177 | D        | Mangled by a deep troll

Skill      XL: |  1  2  3  4  5  6  7 |
---------------+----------------------+-----
Dodging        | 3 5 7 |  7.8
Unarmed Combat | 5 7 9 10 11 | 11.3
Spellcasting   | 4 5 6 7 |  7.7
Transmutations | 4 5 6 8 |  8.2
Fighting       | 2 4 |  4.7

Action                   |  1- 3 |  4- 6 |  7- 9 || total
-------------------------+-------+-------+-------++-------
Melee: Unarmed           |    20 |    13 |    20 ||    53
       Tentacles         |     5 |       |       ||     5
       Kick              |     5 |       |       ||     5
       Constrict         |     1 |       |       ||     1
 Cast: Beastly Appendage |     2 |       |       ||     2
       Sticks to Snakes  |     2 |       |     6 ||     8
       Spider Form       |       |     3 |     1 ||     4
       Ice Form          |       |       |     2 ||     2
  Use: Potion            |     1 |     1 |       ||     2
 Stab: Sleeping          |     1 |       |     1 ||     2
  Eat: Bread ration      |       |       |     1 ||     1
Armor: Skin              |       |       |     5 ||     5
Dodge: Dodged            |    10 |     6 |    27 ||    43
